 Dungeon Crawl Stone Soup version 0.25-a0-290-g4a1327ee3a (webtiles) character file.

Game seed: 13680900630359323186, levelgen mode: deterministic

6 MisterFreud the Covered (level 1, 0/13 HPs)
             Began as a Merfolk Wanderer on Dec 13, 2019.
             Slain by a hobgoblin
             ... wielding a +0 club
              (2 damage)
             ... on level 1 of the Dungeon.
             The game lasted 00:01:10 (100 turns).

MisterFreud the Covered (Merfolk Wanderer)           Turns: 100, Time: 00:01:11

Health: 0/13       AC:  5    Str: 15    XL:     1   Next: 90%
Magic:  0/2        EV: 10    Int:  9    God:
Gold:   0          SH:  0    Dex: 12    Spells: 1/2 levels left

rFire    . . .     SeeInvis .   a - +0 club
rCold    . . .     Gourm    .   (no shield)
rNeg     . . .     Faith    .   b - +0 ring mail
rPois    .         Spirit   .   (no helmet)
rElec    .         Reflect  .   (no cloak)
rCorr    .         Harm     .   (no gloves)
MR       .....                  (no boots)
Stlth    +.........             (no amulet)
HPRegen  0.04/turn              (no ring)
MPRegen  0.08/turn              (no ring)

@: very slightly contaminated
A: change form in water, swift swim, stealthy swim
a: no special abilities


You were on level 1 of the Dungeon.
You were not hungry.

You visited 1 branch of the dungeon, and saw 1 of its levels.

Inventory:

Hand Weapons
 a - a +0 club (weapon)
 e - a +0 dagger
Armour
 b - a +0 ring mail (worn)
Potions
 c - a potion of lignification
Comestibles
 d - a chunk of flesh
 f - a ration


   Skills:
   Level 1.0 Axes
 - Level 2.9 Armour
 - Level 2.1 Stealth
 + Level 1.2 Spellcasting
 * Level 2.4 Summonings


You had one spell level left.
You knew the following spells:

 Your Spells              Type           Power        Failure   Level  Hunger
a - Summon Small Mammal   Summ           #...         26%         1    ##.....

Your spell library contained the following spells:

 Spells                   Type           Power        Failure   Level  Hunger
 Call Imp                 Summ           #.......     36%         2    ###....
 Call Canine Familiar     Summ           #.......     61%         3    ####...
 Summon Guardian Golem    Hex/Summ       #.......     77%         3    ####...
 Summon Ice Beast         Ice/Summ       #.......     99%         4    #####..
 Summon Lightning Spire   Summ/Air       #.......     99%         4    #####..


Dungeon Overview and Level Annotations

Branches:
Dungeon (1/15)

Altars:


Message History

Your bat hits the rat but does no damage.
Your bat barely misses the hobgoblin.
Your bat closely misses the hobgoblin.
The rat misses your bat.
The hobgoblin hits you but does no damage.
Your bat hits the hobgoblin but does no damage.
The rat misses your bat.
Unknown command.
You barely miss the hobgoblin.
The hobgoblin is heavily wounded.
Your bat hits the rat but does no damage.
Your bat hits the hobgoblin but does no damage.
Your bat hits the rat but does no damage.
The hobgoblin hits you with a +0 club.
* * * LOW HITPOINT WARNING * * *
The rat barely misses your bat.
Your bat closely misses the hobgoblin.
Casting: Summon Small Mammal (safe; 26% risk of failure)
Confirm with . or Enter, or press ? or * to list all spells.
Your bat misses the rat.
Your bat barely misses the hobgoblin.
The hobgoblin hits you with a +0 club.
You die...

##################
.............rbgb#
################@#
#.# #รท# #.#
######.# #......#
#.####.#
###.####.#
#.#...##.#


You could see a hobgoblin, a rat and 2 friendly bats.

Vanquished Creatures
  An ooze (D:1)
1 creature vanquished.

Vanquished Creatures (collateral kills)
  A bat (D:1)
1 creature vanquished.

Grand Total: 2 creatures vanquished

Notes
Turn   | Place    | Note
-------+----------+-------------------------------------------
     0 | D:1      | MisterFreud the Merfolk Wanderer began the quest for the
                  | Orb.
     0 | D:1      | MisterFreud set off with the following items: a +0 club, a
                  | +0 ring mail, a potion of lignification, a +0 dagger, a
                  | ration; and the following spell memorised: Summon Small
                  | Mammal; and the following spells available to memorise:
                  | Call Imp, Call Canine Familiar, Summon Guardian Golem,
                  | Summon Ice Beast, Summon Lightning Spire
     0 | D:1      | Reached XP level 1. HP: 13/13 MP: 2/2
   100 | D:1      | Slain by a hobgoblin

Levels and vault maps discovered:
D:1:      elethiomel_arrival_fortress_basement, layout_loops_ring

Action                   || total
-------------------------++-------
Melee: Club              ||    25
 Cast: Summon Small Mamm ||     3
Armor: Ring mail         ||    20
Dodge: Dodged            ||    21

Table legend:
 A = Non-vault XP
 B = Vault XP
 C = Vault XP percentage of total XP
 D = Non-vault monster count
 E = Vault monster count
 F = Vault count percentage of total count
                 A         B        C        D         E       F
            +---------+---------+-------+---------+---------+-------
      Total |       9 |       0 |   0.0 |       2 |       0 |   0.0
            +---------+---------+-------+---------+---------+-------
        D:1 |       9 |       0 |   0.0 |       2 |       0 |   0.0
            +---------+---------+-------+---------+---------+-------
